 Dungeon Crawl Stone Soup version 0.17.0-27-g4a3f43e (webtiles) character file.

9205 trolloc1 the Blocker (level 11, -7/82 HPs)
             Began as a Minotaur Berserker on Nov 21, 2015.
             Was a High Priest of Trog.
             Mangled by a ten-headed hydra (11 damage)
             ... on level 10 of the Dungeon on Nov 22, 2015.
             The game lasted 00:26:03 (8604 turns).

trolloc1 the Blocker (Minotaur Berserker)           Turns: 8604, Time: 00:26:05

Health: -7/82      AC: 17    Str: 29    XL:     11   Next: 20%
Magic:  10/10      EV:  6    Int:  4    God:    Trog [*****.]
Gold:   566        SH: 21    Dex: 12    Spells: 0 memorised, 10 levels left

rFire  . . .     SeeInvis .     f - +3 hand axe of Aggiokoj {chop, Str+6} (curse)
rCold  . . .     Clarity  .     l - +0 plate armour
rNeg   . . .     SustAt   .     p - +0 large shield
rPois  +         Gourm    +     (helmet restricted)
rElec  .         Spirit   .     w - +1 cloak
rCorr  .         Warding  .     j - +2 pair of gloves {archery}
rMut   .         Stasis   .     J - +0 pair of boots
MR     +++..                    U - amulet of the gourmand
Stlth  ..........               n - ring of poison resistance
                                I - ring of protection from magic

@: regenerating, extremely resistant to hostile enchantments, extremely
unstealthy
A: retaliatory headbutt, horns 2
a: Berserk, Trog's Hand, Brothers in Arms, Burn Spellbooks, Renounce Religion


You were on level 10 of the Dungeon.
You worshipped Trog.
Trog was extremely pleased with you.
You were completely stuffed.

You visited 2 branches of the dungeon, and saw 11 of its levels.

You collected 742 gold pieces.
You spent 176 gold pieces at shops.

Inventory:

Hand Weapons
 a - a +0 mace
 f - the cursed +3 hand axe of Aggiokoj (weapon) {chop, Str+6}
   (You bought it in a shop on level 5 of the Dungeon)

   It inflicts extra damage upon your enemies.
   It affects your strength (+6).
   It has a curse placed upon it.
Armour
 j - a +2 pair of gloves of archery (worn)
 l - a +0 plate armour (worn)
 p - a +0 large shield (worn)
 w - a +1 cloak (worn)
 J - a +0 pair of boots (worn)
Jewellery
 n - a ring of poison resistance (right hand)
 s - an uncursed amulet of resist corrosion
 B - an uncursed ring of sustain attributes
 I - a ring of protection from magic (left hand)
 U - an amulet of the gourmand (around neck)
Wands
 y - a wand of flame (19)
 M - a wand of fireball (9)
 N - a wand of slowing (19)
 T - a wand of magic darts (28)
 X - a wand of draining (9)
 Z - a wand of paralysis (7)
Scrolls
 b - 2 scrolls of magic mapping {unknown}
 k - 6 scrolls of teleportation
 o - a scroll of enchant weapon {unknown}
 u - 3 scrolls of fog
 v - a scroll of enchant armour {unknown}
 K - a scroll of vulnerability {unknown}
 L - 6 scrolls of remove curse
 P - 6 scrolls of identify
 R - a scroll of noise {unknown}
 S - a scroll of silence {unknown}
 V - a scroll of recharging
 W - a scroll of blinking {unknown}
 Y - a scroll of torment {unknown}
Potions
 d - a potion of resistance
 e - 3 potions of might
 g - a potion of magic {unknown}
 i - a potion of cancellation
 m - 2 potions of heal wounds
 r - 5 potions of curing {unknown}
 t - 2 potions of haste {unknown}
 z - a potion of agility {unknown}
 A - 4 potions of degeneration {unknown}
 C - a potion of flight {unknown}
 F - 2 potions of lignification {unknown}
 G - 2 potions of poison {unknown}
 H - a potion of mutation {unknown}
 O - a potion of brilliance {unknown}
Comestibles
 c - 11 bread rations
 h - 11 fruits
 q - 9 slices of pizza
 x - 2 royal jellies
 D - 4 meat rations
 E - 4 beef jerkies


   Skills:
 - Level 3.6 Fighting
 + Level 10.2(11.9) Axes
 + Level 10.3(12.0) Maces & Flails
 - Level 2.4 Armour
 - Level 2.2 Dodging
 + Level 14.6 Shields


You had 10 spell levels left.
You didn't know any spells.

Dungeon Overview and Level Annotations

Branches:
Dungeon (10/15)            Temple (0/1) D:4            Lair (1/8) D:10
    Orc (0/4) D:10

Altars:
Ashenzari
Elyvilon
Fedhas
Gozag
Makhleb
Okawaru
Sif Muna
Vehumet
Xom
Yredelemnul
Zin
The Shining One

Shops:
D:5 (


Innate Abilities, Weirdness & Mutations

You reflexively headbutt those who attack you in melee.
You have a pair of horns on your head.


Message History

You feel slightly less full. The ten-headed hydra barely misses you.
The ten-headed hydra bites you but does no damage.
You block the ten-headed hydra's attack.
The ten-headed hydra bites you but does no damage.
You block the ten-headed hydra's attack.
The ten-headed hydra bites you but does no damage.
The ten-headed hydra bites you!
* * * LOW HITPOINT WARNING * * *
The ten-headed hydra bites you!
* * * LOW HITPOINT WARNING * * *
You block the ten-headed hydra's attack.
The ten-headed hydra barely misses you. You block the iguana's attack.
You block the ten-headed hydra's attack.
The ten-headed hydra completely misses you.
You block the ten-headed hydra's attack.
The ten-headed hydra bites you.
* * * LOW HITPOINT WARNING * * *
The ten-headed hydra bites you but does no damage.
The ten-headed hydra bites you!
You die...

#..### ######.#### ###.
##...# #####.# #... ###.#
#.....# ##'## #.#
######.###########.... #.#
##..............#.'.... #.#
#...............#.#....
#.###...≈≈≈§........#.#....
#..##..§≈≈≈.≈.........#....
##.##.≈≈≈.@≈≈.......###....
#..#.≈≈l>D≈≈..>....# #....
##.#.§§§§≈≈........# #....
#.#.§§§≈≈≈........# ####'
#.#..≈§§≈...####### #.
#.#.........# ##
#.###.#.#'####### ####
########'###...........#
#.[.
#)..(((((.###..........#
#.<.


You could see a ten-headed hydra and an iguana.

Vanquished Creatures
  Erica (D:8)
  Pikel (D:5)
  The ghost of crawdingle the Skirmisher, a novice MiBe of Trog (D:5)
  A centaur skeleton (D:8)
  A fire drake (D:10)
  2 two-headed ogres
  2 trolls (D:10)
  Prince Ribbit (D:7)
  A slime creature (D:9)
  A blink frog (Lair:1)
  The ghost of platinum the Skirmisher, an amateur OgHu (D:3)
  Sigmund (D:2)
  A wraith (D:10)
  A hog (D:7)
  Eustachio (D:6)
  A human (D:7)
  A hungry ghost (D:9)
  A warg (D:10)
  A phantom (D:8)
  5 orc warriors
  A black bear (D:7)
  2 ice beasts
  A slave (D:5)
  2 water moccasins
  3 ogres
  A crocodile (D:10)
  5 centaurs
  Blork the orc (D:6)
  A big kobold (D:7)
  5 giant frogs
  A wyvern skeleton (D:7)
  2 scorpions
  4 wights (D:10)
  6 killer bees (D:10)
  A quasit (D:9)
  3 orc priests
  5 hounds
  2 crimson imps (D:5)
  2 giant frog skeletons
  11 jellies
  8 orc wizards
  9 worker ants
  Jessica (D:2)
  A gnoll shaman (D:7)
  3 iguanas
  3 sheep (D:7)
  2 hound skeletons
  A worker ant zombie (D:8)
  12 adders
  8 gnolls
  4 shadow imps
  17 oozes
  2 adder skeletons
  A worm (D:4)
  6 giant geckos
  31 orcs
  4 bats
  13 hobgoblins
  2 jackals (D:4)
  A quokka (D:7)
  A ball python (D:3)
  6 giant cockroaches
  3 giant newts
  7 goblins
  8 kobolds
  A quokka skeleton (D:6)
  7 rats
247 creatures vanquished.

Vanquished Creatures (collateral kills)
  2 orc wizards (D:9)
2 creatures vanquished.

Vanquished Creatures (others)
  3 fungi (D:9)
3 creatures vanquished.

Grand Total: 252 creatures vanquished

Notes
Turn   | Place    | Note
--------------------------------------------------------------
     0 | D:1      | trolloc1 the Minotaur Berserker began the quest for the Orb.
     0 | D:1      | Reached XP level 1. HP: 19/19 MP: 0/0
   160 | D:1      | Reached skill level 4 in Maces & Flails
   168 | D:1      | Reached XP level 2. HP: 26/26 MP: 1/1
  1028 | D:2      | Reached skill level 5 in Maces & Flails
  1104 | D:2      | Reached XP level 3. HP: 31/31 MP: 2/2
  1163 | D:2      | Found a radiant altar of Vehumet.
  1243 | D:2      | Noticed Sigmund
  1279 | D:2      | Killed Sigmund
  1279 | D:2      | Reached skill level 7 in Maces & Flails
  1279 | D:2      | Reached XP level 4. HP: 20/39 MP: 3/3
  1279 | D:2      | Reached XP level 5. HP: 23/45 MP: 4/4
  1391 | D:2      | Reached ** piety under Trog
  1528 | D:2      | Found a faded altar to an unknown god.
  1554 | D:2      | Noticed Jessica
  1559 | D:2      | Killed Jessica
  1879 | D:2      | Reached skill level 8 in Maces & Flails
  2165 | D:3      | Reached skill level 1 in Shields
  2165 | D:3      | Reached XP level 6. HP: 49/51 MP: 5/5
  2422 | D:3      | Noticed platinum's ghost (amateur OgHu)
  2449 | D:3      | Killed platinum's ghost
  2874 | D:4      | Reached XP level 7. HP: 51/57 MP: 6/6
  3267 | D:4      | Found an opulent altar of Gozag.
  3268 | D:4      | Found a glowing silver altar of Zin.
  3639 | D:4      | Found a staircase to the Ecumenical Temple.
  3686 | D:5      | Entered Level 5 of the Dungeon
  3686 | D:5      | Found Tucs's Antique Weapon Emporium.
  3693 | D:5      | Noticed crawdingle's ghost (novice MiBe)
  3709 | D:5      | Killed crawdingle's ghost
  3709 | D:5      | Reached skill level 9 in Maces & Flails
  3874 | D:4      | Reached XP level 8. HP: 57/64 MP: 7/7
  3952 | D:5      | Bought an iridescent hand axe for 176 gold pieces
  3952 | D:5      | Identified the cursed +3 hand axe of Aggiokoj {chop, Str+6} (You bought it in a shop on level 5 of the Dungeon)
  4026 | D:5      | Found a white marble altar of Elyvilon.
  4026 | D:5      | Found a blossoming altar of Fedhas.
  4027 | D:5      | Found a deep blue altar of Sif Muna.
  4027 | D:5      | Found a shattered altar of Ashenzari.
  4027 | D:5      | Found a glowing golden altar of the Shining One.
  4027 | D:5      | Found an iron altar of Okawaru.
  4027 | D:5      | Found a basalt altar of Yredelemnul.
  4033 | D:5      | Reached *** piety under Trog
  4101 | D:5      | Noticed Pikel
  4130 | D:5      | Killed Pikel
  4130 | D:5      | Reached skill level 1 in Axes
  4194 | D:5      | Found a shimmering altar of Xom.
  4194 | D:5      | Found a burning altar of Makhleb.
  4321 | D:6      | Reached skill level 10 in Maces & Flails
  4328 | D:6      | Noticed Eustachio
  4336 | D:6      | Killed Eustachio
  4470 | D:6      | Reached XP level 9. HP: 67/70 MP: 8/8
  4908 | D:6      | Noticed Blork the orc
  4917 | D:6      | Reached skill level 10 in Shields
  4923 | D:6      | Killed Blork the orc
  5162 | D:7      | Reached **** piety under Trog
  5387 | D:7      | Noticed Prince Ribbit
  5388 | D:7      | Reached skill level 11 in Shields
  5472 | D:7      | Reached skill level 5 in Axes
  5792 | D:7      | Killed Prince Ribbit
  5833 | D:7      | Reached skill level 12 in Shields
  6046 | D:8      | Reached ***** piety under Trog
  6046 | D:8      | Reached XP level 10. HP: 77/77 MP: 9/9
  6162 | D:8      | Noticed Erica
  6164 | D:8      | Noticed a centaur skeleton
  6173 | D:8      | Killed a centaur skeleton
  6180 | D:8      | Killed Erica
  6180 | D:8      | Reached skill level 13 in Shields
  7672 | D:10     | Entered Level 10 of the Dungeon
  7728 | D:10     | Found a staircase to the Orcish Mines.
  7900 | D:10     | Reached skill level 14 in Shields
  8001 | D:10     | Reached XP level 11. HP: 74/82 MP: 10/10
  8008 | D:10     | Found a staircase to the Lair.
  8138 | D:10     | Reached skill level 10 in Axes
  8201 | D:10     | Received a gift from Trog
  8585 | Lair:1   | Entered Level 1 of the Lair of Beasts
  8588 | Lair:1   | Noticed a six-headed hydra
  8603 | D:10     | HP: 4/82 [ten-headed hydra (7)]
  8604 | D:10     | Mangled by a ten-headed hydra

Action                   |  1- 3 |  4- 6 |  7- 9 | 10-12 || total
-------------------------+-------+-------+-------+-------++-------
Melee: Mace              |    58 |   119 |    73 |       ||   250
       Hand axe          |       |       |   290 |   326 ||   616
Invok: Berserk           |       |       |     3 |     2 ||     5
       Burn Spellbooks   |       |       |     1 |       ||     1
       Trog's Hand       |       |       |       |     3 ||     3
       Brothers in Arms  |       |       |       |     1 ||     1
  Use: Scroll            |       |     8 |     3 |       ||    11
  Eat: Chunk             |     1 |     5 |    11 |    29 ||    46
       Beef jerky        |       |       |     1 |       ||     1
       Bread ration      |       |       |       |     1 ||     1
